 Dungeon Sprint DCSS version 0.29-a0-266-gf56f883ddd (webtiles) character file.

Game seed: 5398233586474076078

295697 mhtbhm the Axe Maniac (level 18, -1/196 (200) HPs)
             Began as a Minotaur Berserker on Mar 6, 2022.
             Was the Champion of Trog.
             Killed from afar by an ancient lich (60 damage)
             ... with a bolt of acid
             ... in the Dungeon (Sprint IX: "|||||||||||||||||||||||||||||") on Mar 7, 2022.
             The game lasted 00:26:12 (12668 turns).

mhtbhm the Axe Maniac (Minotaur Berserker)         Turns: 12668, Time: 00:26:13

HP:   -1/196 (200)  AC: 33    Str: 26    XL:     18   Next: 57%
MP:   18/18         EV: 17    Int:  5    God:    Trog [******]
Gold: 204           SH: 28    Dex: 14    Spells: 17/17 levels left

rFire   + + +      SeeInvis .   a - +9 broad axe (flame)
rCold   + . .      Faith    .   F - +3 tower shield
rNeg    . . .      Spirit   .   b - +8 gold dragon scales
rPois   +          Reflect  .   G - +1 hat
rElec   .          Harm     .   w - scarf {repulsion}
rCorr   .          Rampage  +   v - +0 pair of gloves
Will    +++..      Rage     1%  j - +0 pair of boots {rampage}
Stlth   .......... NoTele   +   (no amulet)
HPRegen 1.42/turn               M - ring "Femasoq" {+Blink rF+++ AC+3 Str-2 Int+3}
MPRegen 0.16/turn               E - +3 ring of slaying

@: strong-willed, corroded, on berserk cooldown, regenerating, lightly drained,
repel missiles
A: horns 2, retaliatory headbutt, agile 1, berserk 1, deformed body, dopey 1
}: 5/17 runes: decaying, serpentine, barnacled, silver, gossamer
a: Renounce Religion, Evoke Blink, Berserk, Trog's Hand, Brothers in Arms


You were in the Dungeon.
You worshipped Trog.
Trog was exalted by your worship.
You visited 1 branch You collected 1954 gold pieces.
You spent 1750 gold pieces at shops.

Inventory:

Hand Weapons
 a - a +9 broad axe of flaming (weapon)
 N - a +9 double sword of holy wrath
Missiles
 h - 6 silver javelins
 n - a curare-tipped dart
 p - 8 javelins (quivered)
Armour
 b - +8 gold dragon scales (worn)
 j - a +0 pair of boots of rampaging (worn)
 v - a +0 pair of gloves (worn)
 w - a scarf of repulsion (worn)
 F - a +3 tower shield (worn)
 G - a +1 hat (worn)
Jewellery
 k - a ring of resist corrosion
 l - a +3 ring of strength
 m - a +2 ring of evasion
 y - a ring of willpower
 z - a ring of protection from cold
 B - a ring of see invisible
 E - a +3 ring of slaying (right hand)
 L - the ring of Aqe Taeg {Fire Str+6 Int+3}
   (You found it in the Dungeon)

   [ring of fire]

   It enhances your fire magic.
   Str:       It affects your strength (+6).
   Int:       It affects your intelligence (+3).
   rF:        It protects you from fire.
   rC:        It makes you vulnerable to cold.
 M - the ring "Femasoq" (left hand) {+Blink rF+++ AC+3 Str-2 Int+3}
   (You found it in the Dungeon)

   [ring of protection]

   AC:        It affects your AC (+3).
   Str:       It affects your strength (-2).
   Int:       It affects your intelligence (+3).
   rF:        It renders you almost immune to fire.
   +Blink:    It lets you blink.
Wands
 C - a wand of iceblast (3)
 D - a wand of paralysis (2)
Scrolls
 s - 6 scrolls of enchant weapon
 t - 9 scrolls of fog
 u - 4 scrolls of identify
Potions
 c - 4 potions of curing
 d - 9 potions of heal wounds
 f - 10 potions of magic
 g - 4 potions of berserk rage
 i - a potion of invisibility
 o - 6 potions of haste
 q - 7 potions of mutation
 r - a potion of might


   Skills:
 O Level 27 Fighting
 - Level 1.6(16.7) Short Blades
 O Level 27 Long Blades
 O Level 27 Axes
 - Level 1.8(18.1) Maces & Flails
 - Level 1.8(18.1) Polearms
 - Level 1.6(2.5) Staves
 - Level 1.5(4.3) Slings
 - Level 1.5 Bows
 - Level 1.5 Crossbows
 + Level 5.9(6.0) Throwing
 O Level 27 Armour
 O Level 27 Dodging
 + Level 11.6 Stealth
 O Level 27 Shields
 - Level 1.5 Unarmed Combat
 - Level 1.3 Invocations
 O Level 27 Evocations


You had 17 spell levels left.
You didn't know any spells.
Your spell library was empty.

Dungeon Overview and Level Annotations

Branches:
Dungeon (1/1)

Altars:
Cheibriados
Dithmenos
Elyvilon
Fedhas
Gozag
Hepliaklqana
Kikubaaqudgha
Makhleb
Nemelex Xobeh
Okawaru
Qazlal
Ru
Sif Muna
Trog
Uskayaw
Vehumet
Wu Jian
Xom
Yredelemnul
Zin
The Shining One
Beogh
Jiyva
Lugonu

Shops:
D :*[[


Innate Abilities, Weirdness & Mutations

You have a pair of horns on your head.
You reflexively headbutt those who attack you in melee.
You are agile. (Dex +2)
You tend to lose your temper in combat.
Armour fits poorly on your strangely shaped body.
You are dopey. (Int -2)


Message History

The bolt of acid hits you!!!
* * * LOW HITPOINT WARNING * * *
The acid corrodes you!
Unknown command.
An ancient lich appears from thin air!
Reactivating autopickup.
Okay, then.
You feel much better.
Okay, then.
You feel much better.
The ancient lich touches you but does no damage.
The ancient lich casts a spell.
The ancient lich flickers and vanishes!
Deactivating autopickup; reactivate with Ctrl-A.
Your troll goes berserk!
You feel yourself speed up.
Something touches you but does no damage. x3
Unknown command.
Your skin crawls.
You feel strong-willed. You block something's attack.
Unknown command.
You swap places.
Something touches your troll!
Your troll bites something.
Your troll claws something but does no damage.
Your troll claws something!
Something touches your troll. Something drains your troll.
Your troll closely misses something.
Your troll claws something.
Your troll claws something!
Things that are here:
a +0 rapier; a +0 cloak Unknown command.
Unknown command.
The Orb Guardian looks more energetic.
Something touches your troll.
Your troll barely misses something.
Your troll closely misses something.
Your troll barely misses something.
You see here a +2 falchion of flaming.
Unknown command.
Unknown command.
A bolt of acid appears from out of thin air!
The bolt of acid misses your troll. The bolt of acid hits you!!!
You die...

▓D▓.▓)▓.▓[▓.▓)▓.♣.
▓y▓.▓)▓.▓.▓)▓.▓.♣.
▓y▓.▓)▓.▓.▓.▓.▓.♣.
▓X▓.▓.▓.▓.▓.▓.▓.♣.
▓{▓.▓)▓.▓)▓.▓)▓.♣.
▓T▓.▓)▓.▓)▓.▓)▓.♣.
▓)▓.▓.▓.▓)▓)▓)▓.♣.
▓)▓.▓.▓.▓)▓.▓)▓.♣[
▓@▓.▓.▓.▓)▓.▓)▓.♣)
▓÷▓.▓)▓.▓)▓.▓.▓.♣'
▓'▓.▓)▓.▓)▓.▓.▓.▓.
▓)▓.▓)▓.▓.▓.▓.▓.▓.
▓.▓.▓[▓.▓.▓.▓.▓.▓.
▓.▓.▓)▓.▓.▓.▓)▓.▓)
▓.▓.▓.▓.▓.▓.▓)▓.▓)
▓.▓.▓)▓.▓.▓.▓)▓.▓)
▓.▓.▓)▓.▓.▓.▓)▓.▓)


You could see an Orb Guardian (ally target), 2 moths of wrath and a friendly
troll (summoned, berserk, drained).

Vanquished Creatures
  An ancient lich (D)
  Mara (D)
  4 orbs of fire (D)
  Mennas (D)
  Sojobo (D)
  Frederick (D)
  Boris (D)
  Saint Roka (D)
  Margery (D)
  A curse toe (D)
  4 golden dragons (D)
  Jory (D)
  A bone dragon (D)
  An electric golem (D)
  3 tentacled monstrosities (D)
  A lich (D)
  15 Orb Guardians (D)
  2 titans (D)
  3 quicksilver dragons (D)
  Agnes (D)
  Kirke (D)
  4 death cobs (D)
  Donald (D)
  5 storm dragons (D)
  6 shadow dragons (D)
  3 tengu reavers (D)
  A draconian monk (D)
  4 nagarajas (D)
  2 fire giants (D)
  A draconian knight (D)
  3 frost giants (D)
  Ilsuiw (D)
  An iron dragon (D)
  3 vault wardens (D)
  2 emperor scorpions (D)
  2 draconian shifters (D)
  2 ghost moths (D)
  2 draconian annihilators (D)
  2 draconian stormcallers (D)
  3 ironbound preservers (D)
  A war gargoyle (D)
  4 very ugly things (D)
  2 eleionomae (D)
  An ironbound thunderhulk (D)
  2 stone giants (D)
  A black draconian (D)
  2 green draconians (D)
  2 purple draconians (D)
  2 red draconians (D)
  A yellow draconian (D)
  6 white draconians (D)
  4 ettins (D)
  5 fire dragons (D)
  3 merfolk javelineers (D)
  Josephine (D)
  3 merfolk impalers (D)
  2 yaktaur captains (D)
  2 boulder beetles (D)
  25 vault guards (D)
  Erolcha (D)
  4 naga warriors (D)
  2 rakshasas (D)
  3 great orbs of eyes (D)
  A peacekeeper (D)
  2 ironbound frosthearts (D)
  2 catoblepae (D)
  6 hydras (D)
  5 ice dragons (D)
  An ogre mage (D)
  A merfolk avatar (D)
  3 centaur warriors (D)
  2 two-headed ogres (D)
  4 merfolk aquamancers (D)
  2 death yaks (D)
  2 deep troll shamans (D)
  2 tengu warriors (D)
  2 deep troll earth magi (D)
  3 orc high priests (D)
  Nergalle (D)
  Urug (D)
  5 hell knights (D)
  A sea snake (D)
  A pharaoh ant (D)
  A goliath frog (D)
  A spriggan druid (D)
  2 bog bodies (D)
  A lindwurm (D)
  10 swamp dragons (D)
  A phantasmal warrior (D)
  5 ironbound convokers (D)
  2 naga ritualists (D)
  4 orc knights (D)
  3 necromancers (D)
  2 harpies (D)
  2 wolf spiders (D)
  A cyclops (D)
  An ugly thing (D)
  A manticore (D)
  An elephant (D)
  7 moths of wrath (D)
  Joseph (D)
  2 guardian serpents (D)
  6 vault sentinels (D)
  A water nymph (D)
  6 black mambas (D)
  A naga mage (D)
  2 cane toads (D)
  A rime drake (D)
  2 torpor snails (D)
  2 demonic crawlers (D)
  2 yaktaurs (D)
  A tengu conjurer (D)
  An efreet (D)
  2 komodo dragons (D)
  A troll (D)
  A merfolk (D)
  A meliai (D)
  A blink frog (D)
  A tyrant leech (D)
  3 jumping spiders (D)
  A jumping spider (shapeshifter) (D)
  A vampire (D)
  3 wraiths (D)
  3 wyverns (D)
  A water elemental (D)
  A basilisk (D)
  6 yaks (D)
  2 redbacks (D)
  A vampire mosquito (D)
  A redback (shapeshifter) (D)
  A hog (D)
  3 nagas (D)
  A water moccasin (D)
  9 orc warriors (D)
  A sky beast (D)
  A centaur (D)
  A kobold brigand (D)
  A jelly (D)
  5 orc priests (D)
  An iguana (D)
  4 orc wizards (D)
  21 orcs (D)
  A goblin (D)
  A hobgoblin (D)
  A frilled lizard (D)
  A kobold (D)
  A rat (D)
377 creatures vanquished.

Vanquished Creatures (collateral kills)
  An emperor scorpion (D)
  A ghost moth (D)
  A very ugly thing (D)
  A vampire knight (D)
  A stone giant (D)
  A two-headed ogre (D)
  A shock serpent (D)
  A naga ritualist (D)
  An ugly thing (D)
  A naga mage (D)
  A basilisk (D)
  A floating eye (D)
12 creatures vanquished.

Vanquished Creatures (others)
  A draconian knight (D)
  A merfolk avatar (D)
  2 merfolk aquamancers (D)
  A moth of wrath (D)
  A human (D)
6 creatures vanquished.

Grand Total: 395 creatures vanquished

Notes
Turn   | Place    | Note
-------+----------+-------------------------------------------
     0 | D        | mhtbhm the Minotaur Berserker began the quest for the Orb.
     0 | D        | Reached XP level 1. HP: 19/19 MP: 0/0
     9 | D        | Reached ** piety under Trog
    36 | D        | Noticed a sky beast
    36 | D        | Noticed an iguana
    36 | D        | Noticed a jelly
    40 | D        | Reached *** piety under Trog
    41 | D        | Reached XP level 2. HP: 28/28 MP: 1/1
    44 | D        | Reached skill level 5 in Fighting
    44 | D        | Reached XP level 3. HP: 37/37 MP: 2/2
    49 | D        | Killed a sky beast
    50 | D        | Reached XP level 4. HP: 48/48 MP: 3/3
    50 | D        | Reached XP level 5. HP: 53/53 MP: 4/4
    74 | D        | Found a snail-covered altar of Cheibriados.
    74 | D        | Found a shadowy altar of Dithmenos.
    74 | D        | Found a white marble altar of Elyvilon.
    74 | D        | Found a blossoming altar of Fedhas.
    74 | D        | Found an opulent altar of Gozag.
    75 | D        | Found a hazy altar of Hepliaklqana.
    76 | D        | Found a viscous altar of Jiyva.
    77 | D        | Found an ancient bone altar of Kikubaaqudgha.
    78 | D        | Found a corrupted altar of Lugonu.
    79 | D        | Found a burning altar of Makhleb.
    80 | D        | Found a sparkling altar of Nemelex Xobeh.
    81 | D        | Found an iron altar of Okawaru.
    82 | D        | Found a stormy altar of Qazlal.
    83 | D        | Found a sacrificial altar of Ru.
    84 | D        | Found a shimmering blue altar of Sif Muna.
    85 | D        | Found a bloodstained altar of Trog.
    86 | D        | Found a hide-covered altar of Uskayaw.
    87 | D        | Found a radiant altar of Vehumet.
    88 | D        | Found an ornate altar of the Wu Jian Council.
    89 | D        | Found a shimmering altar of Xom.
    90 | D        | Found a basalt altar of Yredelemnul.
    91 | D        | Found a glowing silver altar of Zin.
    92 | D        | Found a glowing golden altar of the Shining One.
   161 | D        | Noticed a troll
   161 | D        | Noticed a vampire
   161 | D        | Noticed a wyvern
   161 | D        | Noticed a two-headed ogre
   161 | D        | Noticed a centaur
   164 | D        | Reached skill level 10 in Axes
   164 | D        | Reached skill level 5 in Armour
   165 | D        | Killed a centaur
   165 | D        | Reached **** piety under Trog
   166 | D        | Reached XP level 6. HP: 64/64 MP: 5/5
   170 | D        | Killed a two-headed ogre
   171 | D        | Reached skill level 5 in Dodging
   171 | D        | Reached skill level 1 in Stealth
   171 | D        | Reached XP level 7. HP: 57/75 MP: 6/6
   172 | D        | Killed a wyvern
   173 | D        | Reached XP level 8. HP: 64/83 MP: 7/7
   177 | D        | Killed a troll
   177 | D        | Reached ***** piety under Trog
   178 | D        | Reached skill level 15 in Axes
   344 | D        | Noticed a purple ugly thing
   344 | D        | Noticed a two-headed ogre
   344 | D        | Noticed a two-headed ogre
   344 | D        | Noticed a cyclops
   344 | D        | Noticed a boulder beetle
   344 | D        | Noticed a centaur warrior
   349 | D        | Killed a centaur warrior
   350 | D        | Reached XP level 9. HP: 93/93 MP: 8/8
   358 | D        | Killed a boulder beetle
   359 | D        | Reached skill level 10 in Armour
   363 | D        | Killed a cyclops
   369 | D        | Killed a two-headed ogre
   375 | D        | Killed a two-headed ogre
   376 | D        | Reached skill level 15 in Fighting
   376 | D        | Reached XP level 10. HP: 37/105 MP: 9/9
   376 | D        | Killed a purple ugly thing
   672 | D        | Noticed Urug
   680 | D        | Killed Urug
   835 | D        | Noticed a black mamba
   835 | D        | Noticed a seven-headed hydra
   840 | D        | Noticed a black mamba
   845 | D        | Killed an 11-headed hydra
   849 | D        | Received a gift from Trog
   852 | D        | Killed a black mamba
   854 | D        | Killed a black mamba
  1017 | D        | Noticed a cane toad
  1017 | D        | Noticed a black mamba
  1017 | D        | Noticed an elephant
  1017 | D        | Noticed a cane toad
  1018 | D        | Noticed a four-headed hydra
  1020 | D        | Killed a cane toad
  1021 | D        | Reached XP level 11. HP: 116/116 MP: 10/10
  1033 | D        | Killed a seven-headed hydra
  1033 | D        | Reached ****** piety under Trog
  1036 | D        | Reached skill level 15 in Armour
  1037 | D        | Received a gift from Trog
  1147 | D        | Noticed a catoblepas
  1147 | D        | Noticed a death yak
  1147 | D        | Noticed a catoblepas
  1147 | D        | Noticed a death yak
  1200 | D        | Killed a death yak
  1204 | D        | Killed a catoblepas
  1213 | D        | Killed a death yak
  1214 | D        | Reached skill level 1 in Evocations
  1215 | D        | Received a gift from Trog
  1390 | D        | Killed a catoblepas
  1497 | D        | Noticed Erolcha
  1502 | D        | Killed Erolcha
  1747 | D        | Received a gift from Trog
  1767 | D        | Received a gift from Trog
  1910 | D        | Noticed an orc knight
  1913 | D        | Killed an orc knight
  1917 | D        | Noticed an orc high priest
  1927 | D        | Noticed an orc high priest
  1929 | D        | Killed an orc high priest
  1933 | D        | Noticed a soul eater
  1933 | D        | Received a gift from Trog
  1945 | D        | Killed an orc high priest
  1946 | D        | Reached XP level 12. HP: 46/130 MP: 11/11
  2216 | D        | Found Xayss's Armour Boutique.
  2217 | D        | Noticed an orc high priest
  2238 | D        | Received a gift from Trog
  2240 | D        | Found Rimudoddibb's Antique Armour Shop.
  2249 | D        | Found Notwah's Assorted Antiques.
  2254 | D        | Killed an orc high priest
  2257 | D        | Found Ucsoish's Book Shop.
  2272 | D        | Received a gift from Trog
  2422 | D        | Bought the +11 plate armour of Yredelemnul {rF+ Int+2 Dex+4
                  | Slay-2} for 1250 gold pieces
  2427 | D        | Bought a scarf of repulsion for 156 gold pieces
  2429 | D        | Bought a pair of glowing boots for 172 gold pieces
  2429 | D        | Bought a pair of runed boots for 172 gold pieces
  2532 | D        | Noticed Josephine
  2542 | D        | Killed Josephine
  2542 | D        | Received a gift from Trog
  2650 | D        | Noticed a tengu warrior
  2650 | D        | Noticed a boulder beetle
  2650 | D        | Noticed a centaur warrior
  2654 | D        | Noticed a centaur warrior
  2658 | D        | Killed a centaur warrior
  2664 | D        | Noticed a cyan very ugly thing
  2667 | D        | Noticed a vampire knight
  2669 | D        | Killed a tengu warrior
  2669 | D        | Received a gift from Trog
  2670 | D        | Reached skill level 1 in Throwing
  2670 | D        | Noticed a stone giant
  2671 | D        | Noticed a cyan very ugly thing
  2672 | D        | Killed a centaur warrior
  2674 | D        | Paralysed by a floating eye for 4 turns
  2674 | D        | Noticed a rakshasa
  2684 | D        | Killed a cyan very ugly thing
  2684 | D        | Paralysed by a floating eye for 2 turns
  2687 | D        | Killed a vampire knight
  2694 | D        | Killed a boulder beetle
  2694 | D        | Noticed an ice dragon
  2695 | D        | Killed a stone giant
  3061 | D        | Killed a rakshasa
  3096 | D        | Killed a cyan very ugly thing
  3134 | D        | Killed an ice dragon
  3201 | D        | Noticed Joseph
  3202 | D        | Noticed Agnes
  3209 | D        | Killed Joseph
  3209 | D        | Received a gift from Trog
  3216 | D        | Killed Agnes
  3217 | D        | Reached XP level 13. HP: 145/145 MP: 12/12
  3426 | D        | Upgraded the game from 0.29-a0-251-g80730f7218 to
                  | 0.29-a0-266-gf56f883ddd
  3447 | D        | Received a gift from Trog
  3685 | D        | Noticed an eleionoma
  3698 | D        | Killed an eleionoma
  3699 | D        | Received a gift from Trog
  3700 | D        | Noticed an eleionoma
  3721 | D        | Killed an eleionoma
  3778 | D        | Received a gift from Trog
  3789 | D        | Reached skill level 27 in Axes
  4062 | D        | Received a gift from Trog
  4148 | D        | Noticed a merfolk impaler
  4160 | D        | Killed a merfolk impaler
  4164 | D        | Received a gift from Trog
  4462 | D        | Noticed an ettin
  4462 | D        | Noticed a fire dragon
  4462 | D        | Noticed a fire dragon
  4462 | D        | Noticed a fire giant
  4468 | D        | Killed a fire giant
  4468 | D        | Received a gift from Trog
  4468 | D        | Noticed a frost giant
  4475 | D        | Killed a fire dragon
  4476 | D        | Noticed an iron dragon
  4482 | D        | Killed a fire dragon
  4483 | D        | Reached XP level 14. HP: 151/166 MP: 13/13
  4484 | D        | Noticed a green very ugly thing
  4486 | D        | Noticed a fire giant
  4622 | D        | Killed a frost giant
  4958 | D        | Killed an iron dragon
  4958 | D        | Received a gift from Trog
  5136 | D        | Killed a green very ugly thing
  5137 | D        | Reached skill level 27 in Fighting
  5137 | D        | Reached skill level 5 in Evocations
  5149 | D        | Killed a fire giant
  5259 | D        | Received a gift from Trog
  5479 | D        | Noticed a stone giant
  5479 | D        | Noticed a frost giant
  5488 | D        | Killed a stone giant
  5489 | D        | Reached skill level 10 in Dodging
  5493 | D        | Killed a frost giant
  5493 | D        | Received a gift from Trog
  5611 | D        | Noticed a brown very ugly thing
  5611 | D        | Noticed an ironbound preserver
  5611 | D        | Noticed an ironbound thunderhulk
  5618 | D        | Killed an ironbound thunderhulk
  5623 | D        | Killed an ironbound preserver
  5625 | D        | Killed a brown very ugly thing
  5628 | D        | Noticed a brown very ugly thing
  5630 | D        | Received a gift from Trog
  5631 | D        | Noticed an ironbound preserver
  5683 | D        | Killed a brown very ugly thing
  5697 | D        | Received a gift from Trog
  5721 | D        | Killed an ironbound preserver
  6141 | D        | Reached skill level 27 in Armour
  6141 | D        | Reached skill level 5 in Stealth
  6150 | D        | Identified the +3 battleaxe of Sin {flame, rF++ rCorr Int-3
                  | SInv} (Trog gifted it to you in the Dungeon)
  6150 | D        | Received a gift from Trog
  6167 | D        | Received a gift from Trog
  6514 | D        | Noticed Jory
  6516 | D        | Noticed Boris
  6530 | D        | Killed Jory
  6538 | D        | Killed Boris
  6538 | D        | Received a gift from Trog
  6973 | D        | Noticed Kirke
  6983 | D        | Killed Kirke
  7070 | D        | Reached skill level 10 in Evocations
  7071 | D        | Received a gift from Trog
  7072 | D        | Noticed Ilsuiw
  7083 | D        | Reached XP level 15. HP: 164/174 MP: 14/14
  7090 | D        | Killed Ilsuiw
  7106 | D        | Received a gift from Trog
  7275 | D        | Got a barnacled rune of Zot
  7518 | D        | Received a gift from Trog
  7537 | D        | Reached skill level 10 in Stealth
  7856 | D        | Got a decaying rune of Zot
  7869 | D        | Noticed an emperor scorpion
  7869 | D        | Noticed an emperor scorpion
  7876 | D        | Killed an emperor scorpion
  7876 | D        | Received a gift from Trog
  7877 | D        | Reached skill level 5 in Shields
  7890 | D        | Noticed an emperor scorpion
  7891 | D        | Killed an emperor scorpion
  7902 | D        | Received a gift from Trog
  7907 | D        | Reached skill level 10 in Shields
  7916 | D        | Killed an emperor scorpion
  7917 | D        | Reached skill level 15 in Dodging
  8206 | D        | Got a gossamer rune of Zot
  8281 | D        | Noticed a nagaraja
  8281 | D        | Noticed a nagaraja
  8283 | D        | Noticed a nagaraja
  8287 | D        | Killed a nagaraja
  8287 | D        | Identified the +10 broad axe of Masuadd {vorpal, rC+ rN+
                  | Str-4} (Trog gifted it to you in the Dungeon)
  8287 | D        | Received a gift from Trog
  8294 | D        | Killed a nagaraja
  8302 | D        | Killed a nagaraja
  8654 | D        | Reached skill level 15 in Shields
  8708 | D        | Received a gift from Trog
  8858 | D        | Noticed a nagaraja
  8862 | D        | Killed a nagaraja
  8874 | D        | Received a gift from Trog
  8881 | D        | Got a serpentine rune of Zot
  8897 | D        | Noticed Saint Roka
  8913 | D        | Killed Saint Roka
  8986 | D        | Received a gift from Trog
  9021 | D        | Noticed Margery
  9027 | D        | Received a gift from Trog
  9029 | D        | Killed Margery
  9029 | D        | Noticed Mennas
  9073 | D        | Killed Mennas
  9438 | D        | Received a gift from Trog
  9449 | D        | Reached XP level 16. HP: 162/183 MP: 15/15
  9479 | D        | Received a gift from Trog
  9512 | D        | Received a gift from Trog
  9585 | D        | Received a gift from Trog
  9623 | D        | Reached skill level 27 in Shields
  9646 | D        | Noticed a shadow dragon
  9652 | D        | Received a gift from Trog
  9670 | D        | Identified the +9 hand axe of Guilt {flame, Dex+4} (Trog
                  | gifted it to you in the Dungeon)
  9670 | D        | Received a gift from Trog
  9677 | D        | Killed a shadow dragon
  9677 | D        | Noticed a shadow dragon
  9682 | D        | Noticed a shadow dragon
  9691 | D        | Received a gift from Trog
  9696 | D        | Reached skill level 15 in Evocations
  9703 | D        | Killed a shadow dragon
  9716 | D        | Killed a shadow dragon
  9728 | D        | Received a gift from Trog
  9728 | D        | Paralysed by an ogre mage for 2 turns
  9736 | D        | Identified the +8 rapier of Sunlight {freeze, rC+ Int+6
                  | Stlth+}
  9902 | D        | Noticed a shadow dragon
  9902 | D        | Noticed a tentacled monstrosity
  9902 | D        | Noticed a quicksilver dragon
  9902 | D        | Noticed a shadow dragon
  9903 | D        | Noticed a titan
  9911 | D        | Killed a shadow dragon
  9913 | D        | Killed a quicksilver dragon
  9913 | D        | Received a gift from Trog
  9914 | D        | Noticed a shadow dragon
  9918 | D        | Killed a tentacled monstrosity
  9918 | D        | Noticed a titan
  9926 | D        | Killed a shadow dragon
  9933 | D        | Killed a titan
  9933 | D        | Received a gift from Trog
  9934 | D        | Identified the +5 short sword "Exoodoir" {vorpal, rPois}
  9938 | D        | Killed a shadow dragon
  9943 | D        | Killed a titan
  9948 | D        | Got a silver rune of Zot
 10009 | D        | Identified the +0 helmet of the Lair of Beasts {Rampage
                  | +Inv rF++}
 10038 | D        | Noticed Nergalle
 10043 | D        | Killed Nergalle
 10043 | D        | Received a gift from Trog
 10051 | D        | Noticed a tengu reaver
 10051 | D        | Noticed a tengu reaver
 10052 | D        | Noticed Sojobo
 10062 | D        | Killed a tengu reaver
 10064 | D        | Killed a tengu reaver
 10098 | D        | Paralysed by an air elemental for 1 turns
 10101 | D        | Paralysed by an air elemental for 1 turns
 10109 | D        | Paralysed by an air elemental for 1 turns
 10118 | D        | Killed Sojobo
 10256 | D        | Noticed Mara
 10271 | D        | Noticed mhtbhm's illusion
 10282 | D        | Killed Mara
 10372 | D        | Got the ring of Kot Gace {*Corrode rPois MP+9 Slay+3}
 10374 | D        | Got the ring "Otetruim" {AC+3 Dex+6}
 10376 | D        | Got the ring of Aqe Taeg {Fire Str+6 Int+3}
 10378 | D        | Got the ring "Femasoq" {+Blink rF+++ AC+3 Str-2 Int+3}
 10618 | D        | Noticed Donald
 10632 | D        | Killed Donald
 10632 | D        | Identified the +2 war axe of Linearity {flame, Drain rF+
                  | Dex+2} (Trog gifted it to you in the Dungeon)
 10632 | D        | Received a gift from Trog
 10633 | D        | Reached XP level 17. HP: 184/191 MP: 16/16
 10667 | D        | Noticed Frederick
 10678 | D        | Killed Frederick
 10701 | D        | Noticed a golden dragon
 10701 | D        | Noticed a lich
 10709 | D        | Paralysed by a great orb of eyes for 4 turns
 10717 | D        | Killed a lich
 10717 | D        | Received a gift from Trog
 10722 | D        | Killed a golden dragon
 10736 | D        | Reached skill level 27 in Dodging
 10738 | D        | Received a gift from Trog
 10884 | D        | Noticed a bone dragon
 10896 | D        | Killed a bone dragon
 10918 | D        | Received a gift from Trog
 11113 | D        | Noticed a golden dragon
 11118 | D        | Received a gift from Trog
 11128 | D        | Killed a golden dragon
 11241 | D        | Noticed an orb of fire
 11254 | D        | Gained mutation: You tend to lose your temper in combat.
                  | [an orb of fire]
 11257 | D        | Gained mutation: You are agile. (Dex +2) [an orb of fire]
 11258 | D        | Killed an orb of fire
 11263 | D        | Received a gift from Trog
 11457 | D        | Noticed a golden dragon
 11457 | D        | Noticed a curse toe
 11457 | D        | Noticed a quicksilver dragon
 11460 | D        | Killed a quicksilver dragon
 11475 | D        | Killed a curse toe
 11478 | D        | Received a gift from Trog
 11479 | D        | Killed a golden dragon
 11486 | D        | Received a gift from Trog
 11860 | D        | Noticed a tentacled monstrosity
 11867 | D        | Killed a tentacled monstrosity
 11883 | D        | Received a gift from Trog
 11898 | D        | Received a gift from Trog
 12024 | D        | Noticed an Orb Guardian
 12024 | D        | Noticed an Orb Guardian
 12024 | D        | Noticed an Orb Guardian
 12024 | D        | Noticed an Orb Guardian
 12024 | D        | Noticed an Orb Guardian
 12024 | D        | Noticed an Orb Guardian
 12028 | D        | Killed an Orb Guardian
 12029 | D        | Reached skill level 27 in Evocations
 12030 | D        | Killed an Orb Guardian
 12031 | D        | Reached skill level 1 in Short Blades
 12031 | D        | Reached skill level 1 in Long Blades
 12031 | D        | Reached skill level 1 in Maces & Flails
 12031 | D        | Reached skill level 1 in Polearms
 12031 | D        | Reached skill level 1 in Staves
 12031 | D        | Reached skill level 1 in Slings
 12031 | D        | Reached skill level 1 in Bows
 12031 | D        | Reached skill level 1 in Crossbows
 12031 | D        | Reached skill level 1 in Unarmed Combat
 12031 | D        | Reached skill level 1 in Invocations
 12035 | D        | Killed an Orb Guardian
 12036 | D        | Reached skill level 5 in Long Blades
 12043 | D        | Killed an Orb Guardian
 12045 | D        | Killed an Orb Guardian
 12049 | D        | Killed an Orb Guardian
 12049 | D        | Received a gift from Trog
 12049 | D        | Noticed an Orb Guardian
 12050 | D        | Reached skill level 10 in Long Blades
 12050 | D        | Reached XP level 18. HP: 200/200 MP: 18/18
 12052 | D        | Noticed an Orb Guardian
 12052 | D        | Noticed an Orb Guardian
 12058 | D        | Killed an Orb Guardian
 12068 | D        | Killed an Orb Guardian
 12069 | D        | Noticed an Orb Guardian
 12070 | D        | Killed an Orb Guardian
 12078 | D        | Killed an Orb Guardian
 12276 | D        | Noticed an Orb Guardian
 12276 | D        | Noticed an Orb Guardian
 12282 | D        | Reached skill level 15 in Long Blades
 12291 | D        | Killed an Orb Guardian
 12291 | D        | Received a gift from Trog
 12291 | D        | Noticed an Orb Guardian
 12294 | D        | Killed an Orb Guardian
 12295 | D        | Noticed an Orb Guardian
 12309 | D        | Killed an Orb Guardian
 12313 | D        | Killed an Orb Guardian
 12313 | D        | Received a gift from Trog
 12386 | D        | Noticed an ancient lich
 12393 | D        | Killed an ancient lich
 12443 | D        | Noticed an orb of fire
 12454 | D        | Killed an orb of fire
 12522 | D        | Noticed an electric golem
 12533 | D        | Killed an electric golem
 12585 | D        | Noticed a golden dragon
 12585 | D        | Noticed an Orb Guardian
 12585 | D        | Noticed an orb of fire
 12587 | D        | Noticed an orb of fire
 12605 | D        | Killed an orb of fire
 12606 | D        | Noticed a tentacled monstrosity
 12607 | D        | Killed an Orb Guardian
 12607 | D        | Received a gift from Trog
 12608 | D        | Noticed an Orb Guardian
 12613 | D        | Gained mutation: You are dopey. (Int -2) [an orb of fire]
 12620 | D        | Gained mutation: Armour fits poorly on your strangely
                  | shaped body. [an orb of fire]
 12621 | D        | Noticed an ancient lich
 12628 | D        | Killed an orb of fire
 12639 | D        | Killed a golden dragon
 12646 | D        | Killed a tentacled monstrosity
 12647 | D        | Reached skill level 27 in Long Blades
 12647 | D        | Reached skill level 5 in Throwing
 12649 | D        | Noticed an electric golem
 12660 | D        | HP: 9/196 [something/bolt of acid (53)]
 12668 | D        | Killed from afar by an ancient lich

Illustrated notes

Levels and vault maps discovered:
D:        linesprint [early_d, line_temple, items_1, d_10, items_2, lair_1,
          lair_end, items_3, orc_1, orc_end, items_4, d_15, swamp_1, shoals_1,
          snake_1, spider_1, d_20, vaults_1, items_5, swamp_end, shoals_end,
          snake_end, spider_end, vaults_end, d_27, items_6, zot_1, zot_end,
          crypt_end, forest_end, elf_end, slime_end, tomb_end, abyss_end,
          pan_hell_end]

Skill      XL: |  1  2  3  4  5  6  7  8  9 10 11 12 13 14 15 16 17 18 |
---------------+-------------------------------------------------------+-----
Fighting       | 4 5 8 9 11 12 13 15 16 19 22 26 27 | 27.0
Axes           | 4 6 9 11 14 16 19 21 23 25 27 | 27.0
Armour         | 3 4 5 8 9 11 14 17 19 21 27 | 27.0
Dodging        | 3 4 5 6 7 8 9 12 15 25 27 | 27.0
Stealth        | 1 2 3 4 8 10 11 | 11.6
Evocations     | 2 4 10 14 16 27 | 27.0
Throwing       | 1 2 5 |  5.9
Shields        | 22 27 | 27.0
Short Blades   | 1 |  1.6
Long Blades    | 10 27 | 27.0
Maces & Flails | 1 |  1.8
Polearms       | 1 |  1.8
Staves         | 1 |  1.6
Slings         | 1 |  1.5
Bows           | 1 |  1.5
Crossbows      | 1 |  1.5
Unarmed Combat | 1 |  1.5
Invocations    | 1 |  1.3

Action                   |  1- 3 |  4- 6 |  7- 9 | 10-12 | 13-15 | 16-18 || total
-------------------------+-------+-------+-------+-------+-------+-------++-------
Melee: Hand axe          |    20 |       |       |       |       |       ||    20
       Headbutt          |     1 |     1 |     8 |    41 |   132 |   208 ||   391
       War axe           |       |     7 |    26 |   161 |       |       ||   194
       Punch             |       |       |       |     6 |     4 |       ||    10
       Broad axe         |       |       |       |    53 |   274 |   694 ||  1021
       Battleaxe         |       |       |       |       |   224 |       ||   224
Throw: Dart              |       |       |       |     1 |       |       ||     1
Invok: Berserk           |     1 |     1 |     1 |    10 |    14 |    14 ||    41
       Brothers in Arms  |       |       |     1 |     2 |     5 |     5 ||    13
       Trog's Hand       |       |       |       |       |       |     2 ||     2
Evoke: Wand              |       |       |       |     9 |     3 |       ||    12
  Use: Scroll            |       |       |     1 |     1 |     6 |     9 ||    17
       Potion            |       |       |       |     3 |     9 |     5 ||    17
Armor: Animal skin       |     1 |       |       |       |       |       ||     1
       Chain mail        |       |       |     8 |    35 |       |       ||    43
       Plate armour      |       |       |       |    32 |   256 |    78 ||   366
       Gold dragon scale |       |       |       |       |       |    80 ||    80
Dodge: Dodged            |     5 |     2 |    10 |    68 |   225 |   114 ||   424
       Repelled          |       |       |       |       |    10 |    11 ||    21
Block: Tower shield      |       |       |       |       |   141 |   419 ||   560

Table legend: (Time is in decaauts) A = Elapsed time spent in this place. B = Non-inter-level travel time spent in this place. C = Inter-level travel time spent in this place. D = Time resting spent in this place. E = Time spent auto-exploring this place. F = Levels seen in this place. G = Mean time per level. A B C D E F G +--------+--------+--------+--------+--------+-----+--------+ Total | 12559 | 12559 | 0 | 6852 | 1455 | 1 | 12559.0 | Dungeon | 12559 | 12559 | 0 | 6852 | 1455 | 1 | 12559.0 | +--------+--------+--------+--------+--------+-----+--------+

Top non-repeatable levels by time:
       D: 12559 daAuts
